 Dungeon Crawl Stone Soup version 0.20.0-10-g0535bb4 (webtiles) character file.

290790 grindst0ne the Demon Slayer (level 20, 0/131 HPs)
             Began as a Gargoyle Fighter on June 4, 2017.
             Was a High Priest of the Shining One.
             Killed from afar by a deep elf sorcerer (36 damage)
             ... with damnation
             ... on level 2 of the Vaults.
             The game lasted 02:36:18 (46392 turns).

grindst0ne the Demon Slayer (Gargoyle Fighter)     Turns: 46392, Time: 02:36:18

Health: 0/131      AC: 61    Str: 26    XL:     20   Next: 75%
Magic:  32/43      EV: 11    Int: 20    God:    the Shining One [*****.]
Gold:   721        SH: 20    Dex: 15    Spells: 19/19 levels left

rFire    + . .     SeeInvis +   N - +8 autumn katana {slice, Clar}
rCold    + + +     Gourm    .   D - +2 buckler of the Original Sin {rC++ Dex-3}
rNeg     + + +     Faith    .   z - +8 crystal plate armour of Tender Moments {Int+3}
rPois    ∞         Spirit   .   j - +3 hat of Pondering {ponderous, MR+ MP+10 Int+5}
rElec    +         Reflect  .   B - +2 cloak of Rotation {rF+ MR+ Int+3}
rCorr    .         Harm     .   V - +2 pair of gloves {Dex+3}
MR       +++..     Clarity  +   e - +1 pair of boots {run}
Stlth    ..........             q - amulet of Vaicrej {+Rage Str+5 Slay+2}
Regen    0.4/turn               K - ring of Sehin {+Fly rC+ Int-2 SInv}
MPRegen  0.3/turn               o - +2 ring of protection

@: divine shield, corroded, flying, glowing
A: big wings, icy blue scales 1, negative energy resistance 1, electricity
resistance, unbreathing, petrification resistance, rot immunity, AC +15
}: 2/15 runes: barnacled, gossamer
a: Stop Flying, Divine Shield, Cleansing Flame, Summon Divine Warrior, Renounce
Religion, Evoke Berserk Rage


You were on level 2 of the Vaults.
You worshipped the Shining One.
The Shining One was extremely pleased with you.
You were hungry.

You visited 8 branches of the dungeon, and saw 35 of its levels.
You visited 1 bazaar.
You also visited: Sewer, Bailey, Ice Cave and Wizlab.

You collected 3249 gold pieces.
You spent 2528 gold pieces at shops.

Inventory:

Hand Weapons
 E - a +7 eudemon blade of holy wrath
 N - the +8 autumn katana (weapon) {slice, Clar}
   (You found it on level 10 of the Dungeon)

   It inflicts extra damage upon your enemies.
   It protects you against confusion.
 Q - a +4 trishula of holy wrath
Armour
 e - a +1 pair of boots of running (worn)
 j - the +3 hat of Pondering (worn) {ponderous, MR+ MP+10 Int+5}
   (You took it off Gastronok on level 8 of the Dungeon)

   It affects your intelligence (+5).
   It affects your resistance to hostile enchantments.
   It affects your magic capacity (+10).
 z - the +8 crystal plate armour of Tender Moments (worn) {Int+3}
   (You bought it in a shop on level 2 of the Orcish Mines)

   It affects your intelligence (+3).
 B - the +2 cloak of Rotation (worn) {rF+ MR+ Int+3}
   (You found it in a wizard's laboratory)

   It affects your intelligence (+3).
   It protects you from fire.
   It affects your resistance to hostile enchantments.
 D - the +2 buckler of the Original Sin (worn) {rC++ Dex-3}
   (You bought it in a shop on level 2 of the Orcish Mines)

   It affects your dexterity (-3).
   It greatly protects you from cold.
 F - a +2 cloak of cold resistance
 V - a +2 pair of gloves of dexterity (worn)
Jewellery
 a - an uncursed ring of see invisible
 o - a +2 ring of protection (right hand)
 q - the amulet of Vaicrej (around neck) {+Rage Str+5 Slay+2}
   (You acquired it on level 6 of the Lair of Beasts)

   [amulet of rage]

   It affects your strength (+5).
   It affects your accuracy and damage with ranged weapons and melee attacks
   (+2).
   It lets you go berserk.
 K - the ring of Sehin (left hand) {+Fly rC+ Int-2 SInv}
   (You acquired it on level 5 of the Lair of Beasts)

   [ring of flight]

   It affects your intelligence (-2).
   It protects you from cold.
   It lets you see invisible.
   It lets you fly.
 S - an uncursed ring of flight {unknown}
Wands
 c - a wand of paralysis (10/24)
 d - a wand of enslavement (7/24)
 m - a wand of digging (9/24)
 y - a wand of polymorph (9/24)
 A - a wand of acid (7/15)
 C - a wand of confusion (25/48)
 G - a wand of flame (34/48)
 J - a wand of iceblast (8/15)
 M - a wand of iceblast (8/15)
 X - a wand of digging (9/24)
Scrolls
 b - a scroll of summoning
 i - a scroll of recharging
 k - 18 scrolls of remove curse
 u - 3 scrolls of identify
 v - 7 scrolls of blinking
 w - 6 scrolls of fear
 x - 15 scrolls of teleportation
 H - a scroll of silence
 P - a scroll of brand weapon
 T - 5 scrolls of fog
 W - a scroll of enchant armour
 Z - 2 scrolls of holy word
Potions
 g - a potion of might
 r - 4 potions of brilliance
 s - 8 potions of mutation
 t - 5 potions of lignification
 O - 4 potions of haste
 U - 4 potions of degeneration
 Y - 7 potions of curing
Miscellaneous
 L - a phial of floods
 R - 2 boxes of beasts
Comestibles
 f - 8 bread rations
 h - 20 meat rations
 l - 50 fruits
 n - 11 chunks of flesh
 p - 22 royal jellies


   Skills:
 - Level 16.0 Fighting
 - Level 14.3 Long Blades
   Level 12.0 Maces & Flails
 + Level 17.4 Armour
 - Level 10.0 Dodging
 - Level 4.0 Shields
 - Level 18.6 Invocations
 - Level 7.2 Evocations


You had 19 spell levels left.
You didn't know any spells.

Dungeon Overview and Level Annotations

Branches:
Dungeon (15/15)            Temple (1/1) D:7            Lair (6/6) D:8
 Shoals (4/4) Lair:4       Spider (4/4) Lair:4        Slime (1/5) Lair:6
    Orc (2/2) D:11            Elf (0/3) Orc:2        Vaults (2/5) D:13
 Depths (0/5) D:15
  Crypt: Vaults:2-3

Altars:
Ashenzari
Cheibriados
Dithmenos
Elyvilon
Fedhas
Gozag
Hepliaklqana
Kikubaaqudgha
Makhleb
Nemelex Xobeh
Okawaru
Qazlal
Ru
Sif Muna
Trog
Uskayaw
Vehumet
Xom
Yredelemnul
Zin
The Shining One

Shops:
D:4 :   Orc:2 [[[%([   Shoals:1 =   Shoals:2 %   Shoals:3 [

Portals:
Trove: D:12 (give +7 demon whip)

Annotations:
Vaults:2 Saint Roka


Innate Abilities, Weirdness & Mutations

You are resistant to torment.
Your stone body is resilient. (AC +15)
You are immune to poison.
Your large and strong wings let you fly indefinitely.
You resist negative energy. (rN+)
You are resistant to electric shocks. (rElec)
You can survive without breathing.
You are immune to petrification.
You are immune to rotting.
You are partially covered in icy blue scales. (AC +2)


Message History

The orc knight shoots a bolt.
You block the bolt.
The deep elf sorcerer gestures at you while chanting.
The sphere of damnation explodes!
The damnation engulfs you!
The damnation engulfs the orc warrior.
The orc warrior dies!
The white ugly thing basks in the mutagenic energy from its kin and changes!
The deep elf archer shoots an arrow.
You block the arrow.
There is an open door here.
You see here an arrow.
The deep elf archer shoots an arrow.
You block the arrow.
You see here an arrow.
The deep elf sorcerer points at you and mumbles some strange words.
The bolt of acid hits you!
* * * LOW HITPOINT WARNING * * *
The acid corrodes you!
You are splashed with acid!
The acid burns!
* * * LOW HITPOINT WARNING * * *
You feel much better.
The deep elf sorcerer points at you and mumbles some strange words.
The sphere of damnation explodes!
The damnation engulfs you!
You die...

#.uoo.###..e..# #..#
#.oe....o...# #..#
#oe))).)..# #..#
#))eo.# #..#
#########(### .#..#
#...'..e(...# .#..#
#...#..(#...# ....#
#..##...##..# ##'##
####....@###########
....#
#.....#.....#......#
....#
#....###....#......#
....#
#....)#.....#......#
....#
####..†..####......#
....#
##...##.<'......#
....#
#...#...#......#
....#
+...'...#......#
....#
#########......#


You could see a deep elf sorcerer.

Vanquished Creatures
  Mara (Shoals:3)
  Nikola (Shoals:1)
  Arachne (Spider:3)
  An Ice Fiend (IceCv)
  Asterion (Spider:1)
  2 krakens
  Polyphemus (Shoals:3)
  2 sphinxes (Vaults:2)
  Kirke (Lair:6)
  Gastronok (D:8)
  Ilsuiw (Shoals:4)
  A tengu reaver (Vaults:2)
  The ghost of Sayou the Brawler, a journeyman TrMo of Hepliaklqana (Orc:2)
  4 ghost moths (Spider:4)
  2 emperor scorpions (Spider:4)
  Aizul (Vaults:1)
  2 vault wardens (Vaults:1)
  An orc warlord (Orc:2)
  A stone giant (Vaults:1)
  4 entropy weavers
  5 ironheart preservers
  A dire elephant (Lair:6)
  A spark wasp (Spider:4)
  A white draconian (WizLab)
  An ettin (D:15)
  7 merfolk javelineers
  9 merfolk impalers
  A fire dragon (Vaults:1)
  3 yaktaur captains (Vaults:2)
  2 great orbs of eyes
  2 rakshasas
  Harold (D:10)
  7 vault guards
  An ice dragon (Vaults:2)
  A catoblepas (Shoals:3)
  11 hydras
  4 centaur warriors
  7 merfolk avatars
  7 merfolk aquamancers
  3 death knights
  13 two-headed ogres
  2 satyrs (Shoals:3)
  A dancing weapon (Vaults:2)
  A deep troll shaman (Vaults:2)
  2 death yaks (Shoals:3)
  3 ogre magi
  A tengu warrior (D:15)
  3 orc high priests (Orc:2)
  Urug (D:13)
  4 deep elf knights
  A sun demon (WizLab)
  Nergalle (Lair:1)
  A storm dragon zombie (Vaults:2)
  A shadow wraith (WizLab)
  3 deep trolls (Vaults:2)
  5 unseen horrors
  3 glowing orange brains
  20 sea snakes
  5 wizards
  An obsidian statue (WizLab)
  2 phantasmal warriors
  3 ironbrand convokers
  A lindwurm (Lair:5)
  A deep elf archer (D:15)
  2 necromancers (Vaults:2)
  7 orc knights
  33 harpies
  2 statues (D:10)
  6 orc sorcerers
  A shining eye (Lair:6)
  33 wolf spiders
  3 worldbinders (WizLab)
  5 fauns
  26 orb spiders
  16 ugly things
  15 cyclopes
  10 manticores
  9 merfolk sirens
  A black mamba (shapeshifter) (Vaults:2)
  7 water nymphs
  9 elephants
  6 black mambas
  4 torpor snails
  6 vault sentinels
  A gargoyle (D:13)
  20 demonic crawlers
  A yaktaur zombie (Vaults:2)
  8 spiny frogs
  3 rime drakes
  3 anaconda simulacra (IceCv)
  8 yaktaurs
  The ghost of Turgon the Poker, a novice OpIE (D:4)
  12 freezing wraiths
  An ancient zyme (WizLab)
  6 ice devils
  A tengu conjurer (D:13)
  A hellwing (WizLab)
  10 komodo dragons
  41 jumping spiders
  A troll (shapeshifter) (Vaults:2)
  20 merfolk
  A meliai (shapeshifter) (D:14)
  4 wind drakes
  3 meliai (Spider:3)
  3 polar bears
  14 hornets
  A blink frog (shapeshifter) (Vaults:2)
  13 blink frogs
  Grinder (D:5)
  2 trolls (D:13)
  29 slime creatures
  15 snapping turtles
  7 dream sheep
  13 hippogriffs
  4 dire elephant simulacra (IceCv)
  Sigmund (D:6)
  A redback (shapeshifter) (Vaults:1)
  55 redbacks
  46 tarantellas
  13 water elementals
  A tarantella (shapeshifter) (D:13)
  A fire dragon skeleton (WizLab)
  4 wraiths
  2 hogs (Lair:6)
  12 yaks
  4 wyverns
  An orc simulacrum (Vaults:2)
  A human (D:13)
  2 hungry ghosts (D:12)
  5 basilisks
  A human simulacrum (Vaults:1)
  8 wargs
  3 spatial vortices (WizLab)
  3 harpy simulacra (IceCv)
  An insubstantial wisp (WizLab)
  Edmund (D:5)
  2 acid dragons
  5 hydra simulacra (IceCv)
  10 water moccasins
  13 porcupines
  4 sky beasts
  A floating eye (shapeshifter) (Vaults:1)
  2 hornet zombies
  4 ice beasts
  29 orc warriors
  13 ogres
  A black bear (D:9)
  2 eyes of draining
  6 centaurs
  4 necrophages (Lair:3)
  5 phantoms
  A tengu (shapeshifter) (D:13)
  3 boggarts (Vaults:2)
  15 crocodiles
  6 big kobolds
  Blork the orc (D:5)
  A gnoll sergeant (D:6)
  15 bullfrogs
  A human skeleton (Vaults:2)
  A wyvern skeleton (D:15)
  7 scorpions
  2 elephant simulacra (IceCv)
  17 killer bees
  4 howler monkeys
  An elf simulacrum (Vaults:1)
  15 wights
  8 electric eels
  7 crimson imps
  2 draconian simulacra (IceCv)
  32 orc wizards
  3 centaur zombies
  6 hounds
  14 jellies
  2 bullfrog zombies (D:12)
  24 orc priests
  7 bullfrog skeletons
  3 iguanas
  3 spriggan simulacra (IceCv)
  9 worker ants
  A troll simulacrum (IceCv)
  3 centaur simulacra (IceCv)
  A hound skeleton (D:6)
  A howler monkey zombie (D:7)
  A worker ant zombie (D:11)
  Robin (D:2)
  23 gnolls
  23 adders
  3 naga simulacra (IceCv)
  2 ogre simulacra (IceCv)
  3 river rats (Sewer)
  3 shadow imps
  4 white imps (IceCv)
  2 ufetubi (IceCv)
  16 oozes
  An adder skeleton (D:8)
  4 worms
  2 leopard geckos
  88 orcs
  8 bats
  7 giant cockroaches
  21 goblins
  17 hobgoblins
  16 jackals
  26 kobolds
  3 quokkas
  9 ball pythons
  9 frilled lizards
  2 leopard gecko skeletons
  10 rats
  4 bushes (D:10)
  A plant (Lair:6)
1425 creatures vanquished.

Vanquished Creatures (collateral kills)
  Mennas (Vaults:2)
  A spark wasp (Spider:4)
  2 hydras
  A deep troll (Vaults:2)
  3 harpies (Vaults:2)
  An orb spider (Spider:4)
  2 moths of wrath
  2 elephants (Lair:6)
  A rime drake (Lair:6)
  3 jumping spiders (Spider:4)
  A redback (Spider:4)
  An orc warrior (D:13)
19 creatures vanquished.

Vanquished Creatures (others)
  An eldritch tentacle (WizLab)
  A jumping spider (Spider:1)
  A hornet (Spider:2)
  A water elemental (Shoals:3)
  2 humans (Lair:6)
  An orc warrior (Vaults:2)
  An ogre (Vaults:1)
  An adder (D:7)
  An ufetubus (IceCv)
  17 fungi
  40 plants
  8 tentacles
75 creatures vanquished.

Grand Total: 1519 creatures vanquished

Notes
Turn   | Place    | Note
-------+----------+-------------------------------------------
     0 | D:1      | grindst0ne the Gargoyle Fighter began the quest for the Orb.
     0 | D:1      | Reached XP level 1. HP: 14/14 MP: 1/1
    69 | D:1      | Reached XP level 2. HP: 19/19 MP: 2/2
   690 | D:2      | Reached XP level 3. HP: 22/24 MP: 3/3
   751 | D:2      | Noticed Robin
   802 | D:2      | Killed Robin
   807 | D:2      | Reached XP level 4. HP: 25/30 MP: 4/4
  1277 | D:3      | Reached skill level 5 in Fighting
  1305 | D:3      | Reached XP level 5. HP: 35/35 MP: 5/5
  2106 | D:4      | Reached XP level 6. HP: 28/40 MP: 6/6
  2288 | D:4      | Found a glowing drain.
  2295 | Sewer    | Entered a sewer
  2752 | D:4      | Reached skill level 5 in Maces & Flails
  2755 | D:4      | Found a shattered altar of Ashenzari.
  2787 | D:4      | Noticed Turgon's ghost (novice OpIE)
  3084 | D:4      | Killed Turgon's ghost
  3084 | D:4      | Reached XP level 7. HP: 28/48 MP: 7/7
  3381 | D:4      | Found Gopi's Book Emporium.
  3720 | D:4      | Reached XP level 8. HP: 50/54 MP: 8/8
  3838 | D:5      | Entered Level 5 of the Dungeon
  3889 | D:5      | Noticed Blork the orc
  3899 | D:5      | Killed Blork the orc
  4160 | D:5      | Noticed Edmund
  4189 | D:5      | Killed Edmund
  4532 | D:5      | Found a white marble altar of Elyvilon.
  4578 | D:5      | Noticed Grinder
  4579 | D:5      | Paralysed by Grinder for 3 turns
  4588 | D:5      | Paralysed by Grinder for 2 turns
  4591 | D:5      | Killed Grinder
  5302 | D:6      | Reached XP level 9. HP: 50/60 MP: 9/9
  5582 | D:6      | Noticed Sigmund
  5587 | D:6      | Killed Sigmund
  5861 | D:7      | Reached skill level 5 in Armour
  5949 | D:7      | Found a radiant altar of Vehumet.
  6275 | D:7      | Found a staircase to the Ecumenical Temple.
  6608 | D:8      | Noticed a two-headed ogre
  6619 | D:8      | Killed a two-headed ogre
  6619 | D:8      | Reached skill level 10 in Maces & Flails
  6619 | D:8      | Reached XP level 10. HP: 23/66 MP: 10/10
  7031 | D:8      | Found a staircase to the Lair.
  7045 | Lair:1   | Entered Level 1 of the Lair of Beasts
  7242 | D:8      | Noticed Gastronok
  7289 | D:8      | Killed Gastronok
  7727 | D:9      | Found a shadowy altar of Dithmenos.
  8405 | D:9      | Reached skill level 10 in Armour
  8693 | D:9      | Reached XP level 11. HP: 62/71 MP: 11/11
  8759 | D:9      | Found a blossoming altar of Fedhas.
  8980 | D:9      | Noticed a two-headed hydra
  8995 | D:9      | Killed a two-headed hydra
  9230 | D:10     | Entered Level 10 of the Dungeon
  9468 | D:10     | Found a flagged portal.
  9479 | Bailey   | Entered a bailey
  9658 | Bailey   | Noticed an orc knight
  9782 | Bailey   | Killed an orc knight
 10334 | D:10     | Killed an unseen horror
 10468 | D:10     | Noticed an archer statue
 10470 | D:10     | Noticed an archer statue
 11417 | D:10     | Noticed a two-headed ogre
 11425 | D:10     | Killed a two-headed ogre
 11496 | D:10     | Noticed a white ugly thing
 11504 | D:10     | Killed a white ugly thing
 11504 | D:10     | Reached skill level 5 in Evocations
 12006 | D:10     | Noticed a two-headed ogre
 12014 | D:10     | Killed a two-headed ogre
 12118 | D:10     | Killed an archer statue
 12184 | D:10     | Killed an archer statue
 12309 | D:10     | Noticed Harold
 12327 | D:10     | Killed Harold
 12327 | D:10     | Reached XP level 12. HP: 28/76 MP: 17/17
 12576 | D:10     | Reached skill level 1 in Long Blades
 12928 | Lair:1   | Noticed Nergalle
 12943 | Lair:1   | Killed Nergalle
 13784 | Lair:2   | Reached skill level 5 in Long Blades
 15465 | Lair:3   | Noticed Snorg
 15468 | Lair:3   | Noticed Snorg
 15468 | Lair:3   | Snorg changed into Snorg the tarantella
 15470 | Lair:3   | Killed Snorg the tarantella
 16293 | Lair:4   | Noticed a four-headed hydra
 16297 | Lair:4   | Killed a four-headed hydra
 16297 | Lair:4   | Reached XP level 13. HP: 58/80 MP: 18/18
 16447 | Lair:4   | Found a hole to the Spider Nest.
 16599 | Lair:4   | Reached skill level 10 in Long Blades
 17115 | Lair:4   | Found a staircase to the Shoals.
 18089 | Lair:5   | Got an iridescent whip
 18090 | Lair:5   | Identified the cursed +3 whip of Doit {flame, rPois Str+6 Dex+2} (You found it on level 5 of the Lair of Beasts)
 18096 | Lair:5   | Identified a scroll of acquirement
 18104 | Lair:5   | Got a coiled copper ring
 18106 | Lair:5   | Identified the ring of Sehin {+Fly rC+ Int-2 SInv} (You acquired it on level 5 of the Lair of Beasts)
 18424 | Lair:6   | Entered Level 6 of the Lair of Beasts
 19387 | Lair:6   | Noticed a dire elephant
 19510 | Lair:6   | Killed a dire elephant
 19567 | Lair:6   | Gained mutation: Your large and strong wings let you fly indefinitely. [Gargoyle growth]
 19567 | Lair:6   | Reached XP level 14. HP: 57/86 MP: 19/19
 20595 | Lair:6   | Found a snail-covered altar of Cheibriados.
 20952 | Lair:6   | Noticed Kirke
 21026 | Lair:6   | Killed Kirke
 21118 | Lair:6   | Got a bound iron amulet
 21120 | Lair:6   | Identified the amulet of Vaicrej {+Rage Str+5 Slay+2} (You acquired it on level 6 of the Lair of Beasts)
 21510 | Lair:6   | Found a staircase to the Slime Pits.
 21933 | Slime:1  | Entered Level 1 of the Pits of Slime
 21984 | Lair:6   | Reached skill level 10 in Fighting
 22002 | Lair:6   | Gained mutation: You are partially covered in icy blue scales. (AC +2) [a shining eye]
 22720 | Temple   | Entered the Ecumenical Temple
 22918 | Temple   | Became a worshipper of the Shining One
 23349 | D:11     | Got a slimy broad axe
 23350 | D:11     | Identified the +7 broad axe of the Enchanted Forest {chop, rPois} (You found it on level 11 of the Dungeon)
 23554 | D:11     | Reached * piety under the Shining One
 23741 | D:11     | Found a staircase to the Orcish Mines.
 24256 | D:12     | Reached ** piety under the Shining One
 24379 | D:12     | Reached *** piety under the Shining One
 24720 | D:12     | Found a portal to a secret trove of treasure.
 25126 | D:13     | Reached XP level 15. HP: 97/97 MP: 20/20
 25300 | D:13     | Found a gate to the Vaults.
 25300 | D:13     | Reached **** piety under the Shining One
 25373 | D:13     | Found a flickering gateway to a bazaar.
 25382 | Bazaar   | Entered a bazaar
 25382 | Bazaar   | Found Xaruewn's General Store.
 25382 | Bazaar   | Found Ustrez's Jewellery Boutique.
 25400 | Bazaar   | Found Sadynuc's Antique Weapon Emporium.
 25413 | Bazaar   | Found Epeusuch's Antique Armour Shop.
 25433 | Bazaar   | Found Lawagg's Distillery.
 25447 | Bazaar   | Bought a potion of ambrosia for 96 gold pieces
 25447 | Bazaar   | Bought a potion of curing for 36 gold pieces
 25447 | Bazaar   | Bought a potion of haste for 120 gold pieces
 25447 | Bazaar   | Bought a potion of berserk rage for 60 gold pieces
 25447 | Bazaar   | Bought a potion of curing for 36 gold pieces
 25575 | D:13     | Noticed Urug
 25586 | D:13     | Killed Urug
 25923 | D:13     | Identified Vehumet's Papyrus of Attacks
 26976 | D:14     | Reached skill level 1 in Invocations
 26994 | D:14     | Reached skill level 2 in Invocations
 27286 | D:14     | Reached skill level 3 in Invocations
 27756 | D:15     | Entered Level 15 of the Dungeon
 27762 | D:15     | Reached skill level 4 in Invocations
 27774 | D:15     | Reached skill level 5 in Invocations
 27926 | D:15     | Found a staircase to the Depths.
 27945 | D:15     | Reached skill level 6 in Invocations
 28044 | D:15     | Noticed Sonja
 28071 | D:15     | Noticed Sonja
 28071 | D:15     | Sonja changed into Sonja the acid dragon
 28075 | D:15     | Killed Sonja the acid dragon
 28363 | D:15     | Reached skill level 7 in Invocations
 28853 | Orc:1    | Entered Level 1 of the Orcish Mines
 28865 | Orc:1    | Reached ***** piety under the Shining One
 29215 | Orc:2    | Entered Level 2 of the Orcish Mines
 29215 | Orc:2    | Found a staircase to the Elven Halls.
 29336 | Orc:2    | Found Hecs's Antique Armour Emporium.
 29337 | Orc:2    | Noticed Sayou's ghost (journeyman TrMo)
 29584 | Orc:2    | Killed Sayou's ghost
 29584 | Orc:2    | Reached skill level 8 in Invocations
 29623 | Orc:2    | Found Zekoza Gyng's Antique Armour Shoppe.
 29633 | Orc:2    | Bought a shimmering buckler for 304 gold pieces
 29633 | Orc:2    | Bought an ancient scale mail for 288 gold pieces
 29643 | Orc:2    | Identified the +2 buckler of the Original Sin {rC++ Dex-3} (You bought it in a shop on level 2 of the Orcish Mines)
 29653 | Orc:2    | Identified the cursed +1 scale mail "Imnacro" {rElec rF++ Dex-3} (You bought it in a shop on level 2 of the Orcish Mines)
 29739 | Orc:2    | Found Buzohugo's Armour Boutique.
 29787 | Orc:2    | Reached skill level 9 in Invocations
 29818 | Orc:2    | Reached XP level 16. HP: 86/107 MP: 23/23
 29837 | Orc:2    | Found Xisoicli's Antique Weapon Shoppe.
 29859 | Orc:2    | Found Oxisebog's Armour Shoppe.
 29861 | Orc:2    | Found Nosav's Food Boutique.
 30259 | Spider:1 | Entered Level 1 of the Spider Nest
 30293 | Spider:1 | Reached skill level 10 in Invocations
 30379 | Spider:1 | Found a frozen archway.
 30391 | IceCv    | Entered an ice cave
 30480 | IceCv    | Reached ****** piety under the Shining One
 30488 | IceCv    | Reached skill level 11 in Invocations
 30951 | IceCv    | Noticed an Ice Fiend
 30993 | IceCv    | Killed an Ice Fiend
 30993 | IceCv    | Reached skill level 12 in Invocations
 31110 | Spider:1 | Noticed Asterion
 31117 | Spider:1 | Noticed an Executioner
 31123 | Spider:1 | Killed Asterion
 32330 | Spider:2 | Reached skill level 13 in Invocations
 32843 | Spider:2 | Reached skill level 14 in Invocations
 33154 | Spider:2 | Identified the Volume of Feathery Summoning
 33414 | Spider:3 | Reached XP level 17. HP: 109/112 MP: 28/28
 33457 | Spider:3 | Reached skill level 15 in Invocations
 34336 | Spider:4 | Entered Level 4 of the Spider Nest
 34353 | Spider:3 | Reached skill level 16 in Invocations
 35054 | Spider:4 | Reached skill level 17 in Invocations
 35580 | Spider:4 | Noticed Arachne
 36363 | Spider:3 | Killed Arachne
 36592 | Spider:4 | Reached skill level 18 in Invocations
 36985 | Spider:4 | Got a gossamer rune of Zot
 37551 | Orc:2    | Reached XP level 18. HP: 105/117 MP: 31/31
 37612 | Orc:2    | Bought the +8 crystal plate armour of Tender Moments {Int+3} for 1588 gold pieces
 37871 | Shoals:1 | Entered Level 1 of the Shoals
 37978 | Shoals:1 | Noticed Nikola
 37992 | Shoals:1 | Killed Nikola
 38056 | Shoals:1 | Reached skill level 15 in Fighting
 38104 | Shoals:1 | Identified a +1 pair of boots of running (You acquired it on level 1 of the Shoals)
 38190 | Shoals:1 | Found Lotrehom's Jewellery Shop.
 39547 | Shoals:2 | Found Ejovik's Food Shoppe.
 40595 | Shoals:3 | Noticed Mara
 40623 | Shoals:3 | Noticed grindst0ne's illusion
 40629 | Shoals:3 | Killed Mara
 40751 | Shoals:3 | Found Oclyess's Antique Armour Boutique.
 41031 | Shoals:3 | Noticed Polyphemus
 41046 | Shoals:3 | Killed Polyphemus
 41072 | Shoals:3 | Reached XP level 19. HP: 112/125 MP: 32/32
 41146 | Shoals:4 | Entered Level 4 of the Shoals
 41186 | Shoals:4 | Reached skill level 1 in Dodging
 41250 | Shoals:4 | Got an ancient eveningstar
 41251 | Shoals:4 | Identified the +1 eveningstar "Damamac" {drain, *Contam +Fly rN+} (You found it on level 4 of the Shoals)
 41268 | Shoals:4 | Noticed Ilsuiw
 41347 | Shoals:4 | Killed Ilsuiw
 41608 | Shoals:4 | Reached skill level 5 in Dodging
 42559 | Shoals:4 | Got a barnacled rune of Zot
 42960 | Temple   | Identified a +4 eudemon blade of holy wrath (a +2 demon blade of electrocution blessed by the Shining One)
 42960 | Temple   | Received a gift from the Shining One
 43169 | Vaults:1 | Entered Level 1 of the Vaults
 43184 | Vaults:1 | Noticed Aizul
 43202 | Vaults:1 | Killed Aizul
 44103 | Vaults:1 | Reached skill level 10 in Dodging
 44275 | Vaults:1 | Reached XP level 20. HP: 112/131 MP: 33/33
 44719 | Vaults:2 | Reached skill level 15 in Armour
 44877 | Vaults:2 | Noticed Mennas
 44951 | Vaults:2 | Killed Mennas
 45239 | Vaults:2 | Found a magical portal.
 45248 | WizLab   | Entered The Roulette of Golubria
 45248 | WizLab   | Found a transporter.
 45257 | WizLab   | Found a corrupted altar of Lugonu.
 45302 | WizLab   | Found a transporter.
 45362 | WizLab   | Found a transporter.
 45392 | WizLab   | Found a transporter.
 45478 | WizLab   | Found a transporter.
 45499 | WizLab   | Found a transporter.
 45565 | WizLab   | Found a transporter.
 45589 | WizLab   | Found a transporter.
 45597 | WizLab   | Found a transporter.
 45640 | WizLab   | Found a transporter.
 45655 | WizLab   | Found a transporter.
 45832 | WizLab   | Found a transporter.
 45909 | WizLab   | Found a transporter.
 45909 | WizLab   | Found a transporter.
 45941 | WizLab   | Found a transporter.
 45949 | WizLab   | Found a transporter.
 45960 | WizLab   | Got a polished cloak
 45973 | WizLab   | Identified the +2 cloak of Rotation {rF+ MR+ Int+3} (You found it in a wizard's laboratory)
 45975 | WizLab   | Got a spiked cloak
 45980 | WizLab   | Got a crude cloak
 45991 | WizLab   | Identified Golubria's Reference Book on Translocation
 46024 | WizLab   | Identified the +0 cloak "Hiwad" {rF+} (You found it in a wizard's laboratory)
 46034 | WizLab   | Identified the cursed +0 cloak of Least Resistance {+Inv MR- Slay+5} (You found it in a wizard's laboratory)
 46375 | Vaults:2 | Noticed Saint Roka
 46392 | Vaults:2 | Killed from afar by a deep elf sorcerer

Skill      XL: |  1  2  3  4  5  6  7  8  9 10 11 12 13 14 15 16 17 18 19 20 |
---------------+-------------------------------------------------------------+-----
Fighting       | 4 5 7 9 12 14 16 | 16.0
Maces & Flails | 3 4 5 6 8 10 11 12 | 12.0
Armour         | 7 10 11 14 17 | 17.4
Evocations     | 7 |  7.2
Long Blades    | 9 13 14 | 14.3
Invocations    | 9 14 18 | 18.6
Shields        | 4 |  4.0
Dodging        | 10 | 10.0

Action                   |  1- 3 |  4- 6 |  7- 9 | 10-12 | 13-15 | 16-18 | 19-21 || total
-------------------------+-------+-------+-------+-------+-------+-------+-------++-------
Melee: Flail             |   125 |   298 |   352 |   571 |       |       |       ||  1346
       Katana            |       |       |       |   286 |  1010 |  1300 |   804 ||  3400
Invok: Cleansing Flame   |       |       |       |       |       |     7 |    19 ||    26
       Divine Shield     |       |       |       |       |       |     5 |    10 ||    15
       Summon Divine War |       |       |       |       |       |     3 |     3 ||     6
       Brand Weapon With |       |       |       |       |       |       |     1 ||     1
 Abil: Fly               |       |       |       |       |     1 |       |       ||     1
Evoke: Wand              |       |       |     2 |    23 |    78 |    10 |     5 ||   118
       Phial of floods   |       |       |       |     1 |     4 |       |       ||     5
       Phantom mirror    |       |       |       |       |     1 |       |       ||     1
  Use: Potion            |     9 |     1 |       |     8 |    16 |    10 |     2 ||    46
       Scroll            |       |       |    14 |     1 |    18 |    18 |     7 ||    58
 Stab: Invisible         |       |       |       |       |     2 |       |       ||     2
  Eat: Chunk             |       |     7 |    17 |    33 |    34 |    28 |    17 ||   136
       Bread ration      |       |       |     1 |       |       |     3 |     1 ||     5
       Meat ration       |       |       |       |       |     1 |       |       ||     1
Armor: Scale mail        |   165 |   192 |   205 |   561 |   704 |   739 |       ||  2566
       Skin              |       |       |       |       |       |    12 |       ||    12
       Crystal plate arm |       |       |       |       |       |   413 |   765 ||  1178
Dodge: Dodged            |   116 |   106 |    79 |   215 |   307 |   465 |   310 ||  1598
Block: Shield            |   159 |   165 |   159 |   372 |   502 |       |       ||  1357
       Buckler           |       |       |       |       |     7 |   472 |   525 ||  1004
       Rpst.: Katana     |       |       |       |    16 |    78 |    84 |    52 ||   230
